 Dungeon Crawl Stone Soup version 0.17.1-3-g152610e (webtiles) character file.

56 doot the Vexing (level 3, -5/15 HPs)
             Began as a Felid Enchanter on Apr 27, 2016.
             Killed from afar by an orc wizard (6 damage)
             ... with a magic dart
             ... on level 2 of the Dungeon.
             The game lasted 00:16:14 (2668 turns).

doot the Vexing (Felid Enchanter)                   Turns: 2668, Time: 00:16:14

Health: -5/15      AC:  1    Str:  4    XL:     3   Next: 71%
Magic:  1/7        EV: 19    Int: 16    God:
Gold:   55         SH:  0    Dex: 17    Spells: 3 memorised, 1 level left
                                        Lives:  0   Deaths: 1

rFire  . . .     SeeInvis +       - Unarmed
rCold  . . .     Clarity  .     (armour unavailable)
rNeg   . . .     SustAt   .     (shield unavailable)
rPois  .         Gourm    .     (helmet unavailable)
rElec  .         Spirit   .     (cloak unavailable)
rCorr  +         Warding  .     (gloves unavailable)
rMut   .         Stasis   .     (boots unavailable)
MR     +....                    g - amulet of resist corrosion
Stlth  ++++......               (no ring)
                                f - ring of protection from magic

@: quick, somewhat resistant to hostile enchantments, stealthy
A: no armour, no weapons or thrown items, claws 1, fangs 3, see invisible,
carnivore 3, speed 1, shaggy fur 1, slow metabolism 1, sharp paws
a: no special abilities


You were on level 2 of the Dungeon.
You were not hungry.

You visited 1 branch of the dungeon, and saw 3 of its levels.

You collected 55 gold pieces.

Inventory:

Jewellery
 f - a ring of protection from magic (left paw)
 g - an amulet of resist corrosion (around neck)
Wands
 l - a wand of flame (13)
Scrolls
 e - a scroll of identify {unknown}
 j - 2 scrolls of recharging {unknown}
 k - a scroll of amnesia {unknown}
Potions
 c - 2 potions of curing {unknown}
 d - 2 potions of might {unknown}
 h - a potion of heal wounds {unknown}
 i - 2 potions of mutation {unknown}
Books
 a - a book of Maledictions

   Spells                             Type                      Level
   a - Corona                         Hexes                        1
   b - Ensorcelled Hibernation        Hexes/Ice                    2
   c - Confuse                        Hexes                        3
   d - Tukima's Dance                 Hexes                        3
   e - Dazzling Spray                 Conjuration/Hexes            3
Comestibles
 b - 2 meat rations


   Skills:
 + Level 1.1 Fighting
 * Level 3.7 Dodging
 * Level 4.5 Stealth
 * Level 1.7 Unarmed Combat
 + Level 2.5 Spellcasting
 * Level 5.3 Hexes


You had one spell level left.
You knew the following spells:

 Your Spells              Type           Power        Failure   Level  Hunger
a - Corona                Hex            ###....      1%          1    #......
b - Ensorcelled Hibernat  Hex/Ice        ##....       12%         2    ##.....
c - Confuse               Hex            ###.....     8%          3    ###....


Dungeon Overview and Level Annotations

Branches:
Dungeon (3/15)

Altars:
Makhleb


Innate Abilities, Weirdness & Mutations

You cannot wear armour.
You are incapable of wielding weapons or throwing items.
You have sharp claws.
You have razor-sharp teeth.
You have supernaturally acute eyesight.
You are carnivorous and can eat meat at any time.
You cover ground quickly.
You are covered in fur (AC +1).
You have a slow metabolism.
Your sharp claws are effective at attacking unaware monsters.


Message History

Confirm with . or Enter, or press ? or * to list all spells.
Aiming: Ensorcelled Hibernation
Press: ? - help, Shift-Dir - straight line, f/p - orc wizard
Aim: an orc wizard, wielding a dagger and wearing a robe (fast, chance to defeat MR: 41%)
The orc wizard resists with some effort.
The orc wizard closely misses you.
Casting: Ensorcelled Hibernation
Confirm with . or Enter, or press ? or * to list all spells.
Aiming: Ensorcelled Hibernation
Press: ? - help, Shift-Dir - straight line, f/p - orc wizard
Aim: an orc wizard, wielding a dagger and wearing a robe (fast, chance to defeat MR: 41%)
The orc wizard resists with some effort.
The orc wizard hits you with a dagger.
The orc wizard casts a spell.
The orc wizard blinks!
The orc wizard hits you with a dagger.
* * * LOW HITPOINT WARNING * * *
The orc wizard gestures at you while chanting.
The magic dart hits you!
You die...

# #.# #.......>.............# #
#.# ####...%.)....##.####.#
######.#######.#.#########.# #.#
...<............#...# #.# #.#
#######.###.#.......# #.# #.# #.#
#.#..###..######.####.# #)# #.#..#
#...........##.# #.#
#.#..###..######.#.##.# #.#
#.#...@.o.# #.#.#...
##.###.#.##.##.######.#.....
##...##..#)..........#.#.....
#####.#.#.###.##.######....#.....
....#.#....#...#.....ยง..#....#...
###..........#...######.......##.
####)...##...#.# ###.###..##.
####.###.##.# #...# #..##. #.#
#.##.# #.### #.....


You could see an orc wizard.

Vanquished Creatures
  Robin (D:3)
  2 adders (D:2)
  An ooze (D:2)
  2 giant geckos
  3 orcs (D:3)
  A ball python (D:1)
  5 giant cockroaches
  9 goblins
  10 hobgoblins
  3 kobolds
  A quokka (D:2)
  9 bats
  3 giant newts
  7 rats
57 creatures vanquished.

Notes
Turn   | Place    | Note
--------------------------------------------------------------
     0 | D:1      | doot the Felid Enchanter began the quest for the Orb.
     0 | D:1      | Reached XP level 1. HP: 7/7 MP: 4/4
   166 | D:1      | Reached XP level 2. HP: 11/11 MP: 4/6
   173 | D:1      | Learned a level 2 spell: Ensorcelled Hibernation
   975 | D:2      | Reached skill level 5 in Hexes
  1036 | D:2      | Reached XP level 3. HP: 15/15 MP: 7/7
  1044 | D:2      | Learned a level 3 spell: Confuse
  1345 | D:2      | Reached skill level 1 in Fighting
  1801 | D:2      | Reached XP level 4. HP: 19/19 MP: 8/8
  1813 | D:2      | Found a burning altar of Makhleb.
  1813 | D:2      | Noticed a balrug
  1816 | D:2      | Noticed a smoke demon
  1816 | D:2      | Noticed a smoke demon
  2171 | D:3      | Slain by an orc priest
  2172 | D:3      | Reached XP level 3. HP: -1/15 MP: 3/7
  2192 | D:3      | Noticed Robin
  2285 | D:3      | Killed Robin
  2668 | D:2      | Killed from afar by an orc wizard

Action                   |  1- 3 |  4- 6 || total
-------------------------+-------+-------++-------
Melee: Unarmed           |   110 |    13 ||   123
 Cast: Corona            |     6 |       ||     6
       Ensorcelled Hiber |    25 |     1 ||    26
       Confuse           |     4 |     1 ||     5
 Stab: Sleeping          |    32 |     2 ||    34
       Confused          |     1 |     1 ||     2
  Eat: Chunk             |     7 |       ||     7
